 Dungeon Crawl Stone Soup version 0.29.1-13-g9f3cf754e1 (webtiles) character file.

Game seed: 11834630713354109679

109 NACHOASD the Trooper (level 4, -3/41 HPs)
             Began as a Minotaur Fighter on Feb 6, 2023.
             Slain by a river rat (8 damage)
             ... on level 3 of the Dungeon.
             The game lasted 00:09:07 (1610 turns).

NACHOASD the Trooper (Minotaur Fighter)             Turns: 1610, Time: 00:09:08

Health: -3/41      AC:  7    Str: 23    XL:     4   Next: 59%
Magic:  3/3        EV:  9    Int:  5    God:
Gold:   99         SH:  5    Dex:  9    Spells: 3/3 levels left

rFire   . . .      SeeInvis .   h - +2 hand axe (vorpal)
rCold   . . .      Faith    .   c - +1 buckler
rNeg    . . .      Spirit   .   b - +0 scale mail
rPois   .          Reflect  .   (helmet restricted)
rElec   .          Harm     .   (no cloak)
rCorr   .          Rampage  .   (no gloves)
Will    .....                   (no boots)
Stlth   ..........              (no amulet)
HPRegen 0.13/turn               (no ring)
MPRegen 0.08/turn               (no ring)

@: mighty, flying
A: horns 2, retaliatory headbutt
a: no special abilities


You were on level 3 of the Dungeon.
You visited 1 branch of the dungeon, and saw 3 of its levels.

You collected 99 gold pieces.

Inventory:

Hand Weapons
 a - a +0 war axe
 g - a +2 short sword of protection
 h - a +2 vorpal hand axe (weapon)
Missiles
 e - 5 curare-tipped darts (quivered)
Armour
 b - a +0 scale mail (worn)
 c - a +1 buckler (worn)
Scrolls
 f - 6 scrolls of identify
 m - a scroll of immolation {unknown}
 n - a scroll of teleportation {unknown}
 p - a scroll of noise {unknown}
Potions
 i - a potion of resistance {unknown}
 j - 2 potions of degeneration
 k - a potion of flight
 l - 2 potions of curing {unknown}
 o - a potion of ambrosia {unknown}


   Skills:
 + Level 4.6 Fighting
 + Level 3.2 Axes
 + Level 4.4 Armour
 + Level 0.8 Dodging
 + Level 0.4 Stealth
 + Level 4.3 Shields


You had 3 spell levels left.
You didn't know any spells.
Your spell library was empty.

Dungeon Overview and Level Annotations

Branches:
Dungeon (3/15)

Altars:


Innate Abilities, Weirdness & Mutations

You have a pair of horns on your head.
You reflexively headbutt those who attack you in melee.


Message History

You hit the gnoll.
The gnoll is lightly wounded.
You hit the gnoll. You block the gnoll's attack.
The gnoll hits you with a +0 spear.
* * * LOW HITPOINT WARNING * * *
It was a potion of flight.
You feel very buoyant.
You fly up into the air.
The gnoll hits you but does no damage. The gnoll closely misses you.
You feel very mighty all of a sudden. The gnoll closely misses you.
You block the gnoll's attack.
You feel mightier all of a sudden. The gnoll closely misses you.
The gnoll hits you with a +0 spear.
* * * LOW HITPOINT WARNING * * *
You slash the gnoll!
You kill the gnoll!
You slash the gnoll! The gnoll barely misses you.
You hit the gnoll.
You kill the gnoll!
You see here a rat corpse.
You see here a +0 whip.
You see here a +0 club.
You see here a rat corpse.
You see here a +0 spear.
You see here a +0 spear.
A river rat comes into view.
A ball python comes into view.
The ball python hisses angrily.
A ball python comes into view.
The river rat bites you but does no damage.
The ball python moves out of view.
You barely miss the river rat.
The river rat twitches its whiskers.
The river rat bites you.
* * * LOW HITPOINT WARNING * * *
You slash the river rat! You headbutt the river rat.
The river rat is almost dead.
The river rat bites you but does no damage.
The river rat bites you!
You die...

#...# ~ #...# ~~
#...# ~~. #...# ~~..
######...######
~....#.............#
...................
....#r@........... #
######...##### #...#
#...# #.).# #..)#
##†## #).)#
###...### .


You could see a river rat.

Vanquished Creatures
  4 gnolls (D:3)
  2 adders
  3 worms (D:2)
  A dart slug (D:1)
  3 ball pythons
  3 endoplasms
  2 giant cockroaches (D:1)
  3 goblins
  4 hobgoblins
  3 jackals (D:2)
  2 kobolds
  A quokka (D:1)
  4 bats
  2 frilled lizards
  5 rats
42 creatures vanquished.

Notes
Turn   | Place    | Note
-------+----------+-------------------------------------------
     0 | D:1      | NACHOASD the Minotaur Fighter began the quest for the Orb.
     0 | D:1      | Reached XP level 1. HP: 19/19 MP: 0/0
   419 | D:1      | Reached XP level 2. HP: 27/27 MP: 1/1
   583 | D:1      | Found a faded altar of an unknown god.
   800 | D:1      | :.
   840 | D:2      | Reached XP level 3. HP: 33/33 MP: 2/2
  1562 | D:3      | Reached XP level 4. HP: 41/41 MP: 3/3
  1610 | D:3      | Slain by a river rat

Illustrated notes

.........# ##.# #....# ###
.........# #.# #....########..
.........#####.####....##8..#8###
.........#..............#^#.#^#
.........#........#######.....###
######..##...(....# #.....#.##.
#.........##########.)...###..
#.........###............_..#.
#...(........@...........###..
#.........###............#.##.
########### ##########.....###
#^#.#^# #8..#8# #######


Turn 800 on D:1: :.

Levels and vault maps discovered:
D:1:      dpeg_arrival_castle, layout_rooms,
          shapermc_ecumenical_altar_mp_highgroup, kennysheep_another_room
D:2:      layout_basic, minmay_circled_x
D:3:      layout_loops_cross, mainiacjoe_overflow_two_lobes,
          portal_sewer_entry_a, grunt_ministairs_3,
          minmay_misc_feat_more_columns, nicolae_elevator_lobby_asterisk,
          uniq_jessica

Skill      XL: |  1  2  3 |
---------------+----------+-----
Fighting       | 4 |  4.6
Armour         | 4 |  4.4
Shields        | 4 |  4.3
Axes           | 3 |  3.2
Dodging        | |  0.8
Stealth        | |  0.4

Action                   |  1- 3 |  4- 6 || total
-------------------------+-------+-------++-------
Melee: Hand axe          |    63 |    13 ||    76
       War axe           |     2 |       ||     2
       Headbutt          |    12 |     1 ||    13
  Use: Scroll            |     3 |       ||     3
       Potion            |       |     3 ||     3
Armor: Scale mail        |    20 |     6 ||    26
Dodge: Dodged            |    28 |     9 ||    37
Block: Buckler           |    16 |     8 ||    24
